 Dungeon Crawl Stone Soup version 0.29.1-15-g9cfb28693d (webtiles) character file.

Game seed: 9375013022213162354

32 booth the Chopper (level 3, -2/28 HPs)
             Began as a Demonspawn Gladiator on Apr 24, 2023.
             Was a Follower of Vehumet.
             Slain by Terence
             ... wielding a +0 mace
              (7 damage)
             ... on level 2 of the Dungeon on Apr 25, 2023.
             The game lasted 00:05:00 (994 turns).

booth the Chopper (Demonspawn Gladiator)             Turns: 994, Time: 00:05:01

Health: -2/28      AC:  3    Str: 16    XL:     3   Next: 10%
Magic:  3/3        EV: 12    Int:  9    God:    Vehumet [*.....]
Gold:   53         SH:  0    Dex: 14    Spells: 2/2 levels left

rFire   . . .      SeeInvis .   a - +0 war axe
rCold   . . .      Faith    .   (no shield)
rNeg    . . .      Spirit   .   b - +0 leather armour
rPois   .          Reflect  .   (helmet restricted)
rElec   .          Harm     .   (no cloak)
rCorr   .          Rampage  .   (no gloves)
Will    .....                   (no boots)
Stlth   +.........              (no amulet)
HPRegen 0.09/turn               (no ring)
MPRegen 0.08/turn               (no ring)

@: no status effects
A: antennae 1
a: Renounce Religion


You were on level 2 of the Dungeon.
You worshipped Vehumet.
Vehumet was aware of your devotion.
You visited 1 branch of the dungeon, and saw 2 of its levels.

You collected 53 gold pieces.

Inventory:

Hand Weapons
 a - a +0 war axe (weapon)
Missiles
 d - 2 throwing nets (quivered)
 j - 2 poisoned darts
Armour
 b - a +0 leather armour (worn)
Scrolls
 k - a scroll of blinking {unknown}
Potions
 c - a potion of cancellation
 g - a potion of curing {unknown}
 h - 2 potions of heal wounds {unknown}


   Skills:
 + Level 2.4 Fighting
 * Level 3.0 Axes
 + Level 2.2 Throwing
 + Level 3.0 Dodging
 + Level 0.0 Spellcasting


You had 2 spell levels left.
You didn't know any spells.
Your spell library was empty.

Dungeon Overview and Level Annotations

Branches:
Dungeon (2/15)

Altars:
Vehumet

Annotations:
D:2 Terence


Innate Abilities, Weirdness & Mutations

You have a pair of small antennae on your head.


Message History

A rat comes into view.
A rat is nearby!
Found a dented golden amulet and a glowing whip.
Found 19 gold pieces.
Found 8 gold pieces.
Terence the Incautious comes into view.
He is wielding a +0 mace.
Terence shouts!
You hit the rat.
You kill the rat!
Vehumet accepts your kill.
Throw: 3 throwing nets
Press: ? - help, Q - select action, (/) - cycle Shift-Dir - straight line, f - Terence
Aim: Terence, wielding a +0 mace and wearing a +0 scale mail (64% to hit)
You throw a throwing net.
The throwing net closely misses Terence.
Throw: javelin
Press: ? - help, Q - select action, (/) - cycle Shift-Dir - straight line, f/p - Terence
Aim: Terence, wielding a +0 mace and wearing a +0 scale mail (64% to hit)
You throw a javelin.
The javelin pierces through Terence but does no damage.
Terence barely misses you.
You hit Terence.
Terence is moderately wounded.
Terence hits you with a +0 mace! Terence barely misses you.
You hit Terence but do no damage.
Terence is moderately wounded.
Terence barely misses you.
You closely miss Terence.
Terence is moderately wounded.
Terence hits you with a +0 mace!
As you read the scroll of fog, it crumbles to dust.
The scroll dissolves into smoke.
Terence hits you with a +0 mace.
* * * LOW HITPOINT WARNING * * *
Terence attacks as you move away! Terence hits you but does no damage.
Terence attacks as you move away! Terence hits you with a +0 mace.
* * * LOW HITPOINT WARNING * * *
You closely miss Terence.
Terence is moderately wounded.
Terence hits you with a +0 mace!
You die...

...#. #... # ....
#..##########.. $....
######.............
...... .......<..###...#
......
..............####
......
#########........#
#......
#.######§########.@.)..$
#..# #@@§§§§(#...."...
...## #######.#........
.### #.......... ..
###........ . #........
#........ #........
#........ #........


You could see Terence.

Vanquished Creatures
  2 endoplasms (D:1)
  2 giant cockroaches (D:1)
  2 goblins (D:1)
  4 hobgoblins (D:1)
  7 jackals (D:1)
  3 kobolds (D:1)
  A quokka (D:1)
  2 bats (D:1)
  2 frilled lizards (D:1)
  3 rats
28 creatures vanquished.

Notes
Turn   | Place    | Note
-------+----------+-------------------------------------------
     0 | D:1      | booth the Demonspawn Gladiator began the quest for the Orb.
     0 | D:1      | Reached XP level 1. HP: 16/16 MP: 1/1
   220 | D:1      | Gained mutation: You have a pair of small antennae on your
                  | head. [demonic ancestry]
   220 | D:1      | Reached XP level 2. HP: 22/22 MP: 2/2
   605 | D:1      | Found a faded altar of an unknown god.
   625 | D:1      | Prayed at the altar of an unknown god.
   625 | D:1      | Became a worshipper of Vehumet
   625 | D:1      | Reached * piety under Vehumet
   625 | D:1      | Offered knowledge of Magic Dart by Vehumet.
   703 | D:1      | Reached XP level 3. HP: 24/28 MP: 3/3
   974 | D:2      | Noticed Terence
   994 | D:2      | Slain by Terence

Illustrated notes

Levels and vault maps discovered:
D:1:      nagdon_arrival_double_spiral, layout_loops_ring,
          ebering_ecumenical_altar_abandoned, nrook_mini_backslash
D:2:      layout_rooms, serial_shops, nicolae_shop_trees, basic_altar,
          uniq_terence

Skill      XL: |  1  2 |
---------------+-------+-----
Throwing       | 2 |  2.2
Axes           | 3 |  3.0
Dodging        | 3 |  3.0
Fighting       | |  2.4

Action                   || total
-------------------------++-------
Melee: War axe           ||    63
       Punch             ||     1
Throw: Javelin           ||     1
       Throwing net      ||     1
  Use: Scroll            ||     3
Armor: Leather armour    ||    21
Dodge: Dodged            ||    57
